[Event "Baku Open 2024"]
[Site "Baku"]
[Date "2024.07.04"]
[Round "6.29"]
[White "Orujov, Farid"]
[Black "Aliyev, Ravan"]
[Result "1/2-1/2"]
[ECO "B08"]
[WhiteElo "2243"]
[BlackElo "2352"]
[Annotator "TA"]
[PlyCount "121"]
[EventDate "2024.06.29"]
[EventType "swiss"]
[EventCountry "AZE"]
[SourceTitle "playchess.com"]
[Source "ChessBase"]
[SourceQuality "1"]
[TimeControl "5400+30"]

1. e4 g6 2. d4 Bg7 3. Nc3 d6 4. Nf3 Nf6 5. Be2 O-O 6. O-O c6 7. h3 Nbd7 8. e5 Nd5 9. Nxd5 cxd5 10. exd6 exd6 11. Bd3 Nf6 12. Re1 Bd7 13. c3 Bc6 14. Bg5 Qd7 15. Bxf6 Bxf6 16. Nh2 Bg7 17. f4 Rae8 18. Qf3 f5 19. Nf1 b5 20. a3 Kh8 21. Ne3 a5 22. Nc2 Re4 23. Bxe4 dxe4 24. Qd1 d5 25. h4 Qd6 26. g3 h6 27. Kg2 Bf6 28. Rf1 Kg7 29. Qd2 Bd8 30. b3 a4 31. bxa4 bxa4 32. Rab1 Ba5 {[%emt 0:01:14] [#]} 33. h5 (33. Rfc1 $1 $16) 33... gxh5 $14 34. Rh1 Be8 35. Rb7+ Rf7 (35... Kh8 $16) 36. Ne3 $1 $18 Kf6 $2 (36... Kh7 37. Nxf5 Qg6 38. Rxf7+ Bxf7) 37. Qb2 $18 Qc6 $2 (37... Kg6 {was worth a try.} 38. Rxf7 Bxf7) 38. Rxf7+ $18 Bxf7 39. Qb8 Kg6 {[%emt 0:01:43] [#]} 40. c4 (40. Rb1 $142 $1 ) 40... Bd2 $2 {[%emt 0:00:23] [#]} (40... dxc4 41. Rb1 (41. Qe5 Bd2 $18) 41... Qf6) 41. cxd5 $2 (41. Rb1 $1 $18 {[%cal Rb1b6] White threatens Rb6 and mate.} Qe8 42. Qb6+ (42. Nxd5 Qxb8 43. Rxb8 Bxd5 $18) 42... Kh7 43. Nxd5 (43. Nxf5 Qe6 $18)) 41... Qa6 $1 $11 42. Nd1 (42. Kf2 $2 Bxe3+ 43. Kxe3 Qd3+ (43... Bxd5 44. Qb1 $16) 44. Kf2 Qf3+ (44... Qxa3 45. Kg2 $11) 45. Ke1 Qxh1+ $19) (42. Rb1 $11 Qe2+ (42... Bxe3 $2 43. Rb6+ $18) 43. Kh1 Qxe3 (43... Bxe3 44. Qd6+ Kh7 45. Qf8 $11) 44. Qd6+ Kh7 45. Qe7 Qf3+ 46. Kh2 Qe2+ 47. Kh3 Qg4+ 48. Kh2) 42... Qe2+ (42... Bxd5 43. Qe5 Qc4 44. Kh3 $15) (42... e3 $1 $17 43. Kh2 Qe2+ (43... Bxd5 44. Nxe3 Qe2+ 45. Kh3 $17) 44. Kh3 Qg4+ (44... Bxd5 45. Qd6+ Kh7 46. Qxd5 $16) 45. Kh2 h4 (45... Bxd5 46. Qd6+ Kh7 47. Qxd5 $16)) 43. Kh3 $11 Qg4+ 44. Kg2 Qf3+ 45. Kh2 Qe2+ (45... Bxd5 46. Qd6+ Kg7 47. Qe5+ (47. Qxd5 Qe2+ 48. Kg1 Qxd1+ 49. Kh2 Qe2+ 50. Kh3 Qg4+ 51. Kh2 Qe2+ 52. Kh3 Qg4+ 53. Kh2 h4 $11) 47... Kg6 48. Qxd5) (45... h4 $11 46. Rg1 Qh5) 46. Kh3 $15 Qg4+ ({Black should play} 46... h4 $1 $15 47. Rg1 Qg4+ (47... Bxd5 $2 48. gxh4+ $18) 48. Kh2 Kh5 (48... Bxd5 $2 49. gxh4 $18)) 47. Kg2 $1 $11 Qf3+ 48. Kh2 e3 (48... Bxd5 49. Qd6+ Kg7 50. Qe5+ (50. Qxd5 Qe2+ $11) 50... Kg6 51. Qxd5) (48... h4 $5 49. Rg1 $8 Qh5 $11) 49. Qd6+ Kg7 50. Qe5+ Kg8 51. Nxe3 Bxe3 52. Rb1 $1 Qf2+ (52... Bxd5 53. Rb8+ Kf7 54. Qc7+ (54. Qxf5+ Kg7 $18) 54... Kg6 55. Rb6+) 53. Kh3 Bxd4 54. Rb8+ Kh7 55. Rh8+ $1 Kg6 56. Qd6+ Bf6 57. Rxh6+ $1 Kxh6 58. Qxf6+ Bg6 59. Qh8+ Bh7 60. Qf6+ Bg6 61. Qh8+ 1/2-1/2

[Event "Baku Open 2024"]
[Site "Baku"]
[Date "2024.07.04"]
[Round "6.30"]
[White "Wagh Suyog"]
[Black "Mammadova, Gulnar"]
[Result "1/2-1/2"]
[ECO "E05"]
[WhiteElo "2230"]
[BlackElo "2348"]
[Annotator "TA"]
[PlyCount "112"]
[EventDate "2024.06.29"]
[EventType "swiss"]
[EventCountry "AZE"]
[SourceTitle "playchess.com"]
[Source "ChessBase"]
[SourceQuality "1"]
[TimeControl "5400+30"]

1. d4 Nf6 2. c4 e6 3. Nf3 d5 4. g3 Be7 5. Bg2 O-O 6. O-O dxc4 7. Qc2 a6 8. a4 Bd7 9. Rd1 Bc6 10. Bg5 b5 11. Bxf6 Bxf6 12. Nc3 Qe8 13. d5 exd5 14. Nd4 $1 Qe5 15. e4 dxe4 16. Nxe4 {[%emt 0:00:46] Excellent horsemanship.} Ra7 (16... bxa4 $2 17. Nxc6 Nxc6 18. Qxc4 $18 (18. Qxa4 Nd4 $14)) 17. axb5 Bxe4 18. Bxe4 g6 19. Ra5 {[%emt 0:56:31] [#] b6 is the strong threat.} Qc5 20. b4 $1 Qxb4 21. Ra4 Qc5 22. Rxc4 {[%emt 0:01:58] The position is equal.} Qb6 23. bxa6 Rxa6 24. Nc6 Nxc6 25. Rxc6 Qa5 26. Rxc7 Qa4 27. Rdd7 Qxc2 28. Bxc2 Be5 29. Rb7 Rd6 30. Re7 Bd4 31. Kg2 Rb6 32. Rxb6 Bxb6 $11 {[%emt 0:00:02][%mdl 4096] Endgame. KRB-KRB} 33. Bb3 g5 34. Rb7 Bc5 35. Rc7 Bb6 36. Rb7 Bc5 37. Rc7 Bb6 38. Rd7 Kg7 39. Kf3 h5 40. h3 Bc5 41. Rc7 Bb6 42. Rb7 Bc5 43. Rb5 Rc8 44. Rb7 Rf8 45. Bc4 Kf6 46. Rc7 Bd4 47. Bb3 Kg6 48. Rb7 Kf6 49. Rd7 Bc5 50. Bc4 Be7 51. Rc7 Rd8 52. Ke2 h4 53. gxh4 gxh4 54. Kf3 Rd4 55. Ke3 Rd1 56. Rc6+ Ke5 {[%emt 0:00:45] A balanced but interesting game.   Weighted Error Value: White=0.03 (flawless) /Black=0.02 (flawless) .  Inaccurate:     	White=1     	Black=2      OK:         	White=13    	Black=31     Best:        	White=1     	Black=1      Strong:       	White=2     	---} 1/2-1/2

[Event "Baku Open 2024"]
[Site "Baku"]
[Date "2024.07.04"]
[Round "6.31"]
[White "Bizhigitov, Zhangir"]
[Black "Zhukova, Natalia"]
[Result "*"]
[ECO "C84"]
[WhiteElo "2212"]
[BlackElo "2306"]
[Annotator "RC"]
[PlyCount "33"]
[EventDate "2024.06.29"]
[EventType "swiss"]
[EventCountry "AZE"]
[SourceTitle "playchess.com"]
[Source "ChessBase"]
[SourceQuality "1"]
[TimeControl "5400+30"]

1. e4 e5 2. Nf3 Nc6 3. Bb5 a6 4. Ba4 Nf6 5. O-O b5 6. Bb3 Bb7 7. d3 Be7 8. Nc3 O-O 9. a3 Nd4 10. Ba2 Nxf3+ 11. Qxf3 d6 12. Ne2 Kh8 13. Ng3 Ng8 14. Qe2 Bg5 15. f4 exf4 16. Bxf4 Nh6 17. Qh5 *

[Event "Baku Open 2024"]
[Site "Baku"]
[Date "2024.07.04"]
[Round "6.31"]
[White "Gurbanov, Ismayil"]
[Black "Khamdamova, Afruza"]
[Result "1/2-1/2"]
[ECO "C78"]
[WhiteElo "2163"]
[BlackElo "2291"]
[Annotator "TA"]
[PlyCount "100"]
[EventDate "2024.06.29"]
[EventType "swiss"]
[EventCountry "AZE"]
[SourceTitle "playchess.com"]
[Source "ChessBase"]
[SourceQuality "1"]
[TimeControl "5400+30"]

1. e4 e5 2. Nf3 Nc6 3. Bb5 a6 4. Ba4 Nf6 5. d3 b5 6. Bb3 Bc5 7. O-O d6 8. a3 h6 9. Nc3 Bg4 10. Be3 Nd4 11. Bxd4 Bxd4 12. h3 Bxc3 13. bxc3 Bd7 14. a4 O-O 15. axb5 axb5 16. Rxa8 Qxa8 17. Qa1 Qc8 18. c4 Nh5 19. cxb5 Bxb5 {[%emt 0:00:00] [#]} (19... Nf4 $11 {hält das Gleichgewicht.} 20. Qa6 Qd8 (20... Bxh3 21. Qxc8 Ne2+ 22. Kh2 $17)) 20. Nxe5 $1 $16 {[%emt 0:00:00][%mdl 512] Weiß steht aktiver.} Nf4 (20... dxe5 $2 {zu gefräßig.} 21. Qxe5 Bxd3 22. cxd3 $16) 21. Ng4 Bd7 22. Qd1 {[%emt 0:00:00] Wehrt Ne2+ ab} Qd8 23. Ne3 (23. Kh2 {ist vielschichtiger.} Qh4 24. Ne3 Be6 25. Bc4) 23... h5 (23... Be6 $16 {kämpft weiter.}) 24. Nd5 ({Vorzuziehen ist} 24. g3 $18 Nxh3+ 25. Kh2) 24... Nxd5 25. Bxd5 Qh4 26. Qf3 Be6 27. Bxe6 fxe6 {[%emt 0:00:00][%mdl 4096] Endspiel. KQR-KQR} 28. Qe3 e5 29. Kh2 Qf6 30. Qe2 Qg5 31. g3 h4 32. Kg2 (32. Ra1 $16) 32... hxg3 $11 33. fxg3 Rxf1 34. Qxf1 {[%emt 0:00:00] KQ-KQ} Qd2+ $1 35. Qf2 Qd1 36. g4 (36. h4 $14) 36... g5 {[%emt 0:08:42] Die Stellung ist ausgeglichen.} 37. Kg3 Kg7 38. h4 gxh4+ 39. Kxh4 Qh1+ 40. Kg3 Qc1 41. Kg2 Qd1 42. g5 {[%emt 0:00:00] Qf6+ wäre nun fies.} Qg4+ 43. Qg3 Qe2+ 44. Kh3 Qh5+ 45. Qh4 Qf3+ 46. Kh2 {[%emt 0:00:00] Qh6+ ist eine echte Drohung.} Qe2+ 47. Kg3 Qe3+ 48. Kh2 {[%emt 0:00:00] Und jetzt Qh6+ wäre schön.} Qe2+ 49. Kg3 {[%emt 0:00:00] Und Qh6+ würde nun gewinnen.} Qe3+ 50. Kh2 {[%emt 0:00:00] Schwarz muss nun Qh6+ beachten.} Qe2+ {[%emt 0:00:00] Schwarz hat sich erfolgreich gewehrt.   Gewichteter Fehlerwert: Weiß=0.11 (sehr präzise) /Schwarz=0.10 (sehr präzise) .  Fehler:       	Weiß=3     	Schwarz=2     Ungenau:       	Weiß=1     	---        OK:         	Weiß=14    	Schwarz=18    Bester:       	Weiß=1     	Schwarz=4     Stark:        	---       	Schwarz=1     Brilliant:      	Weiß=1     	---} 1/2-1/2

[Event "Baku Open 2024"]
[Site "Baku"]
[Date "2024.07.04"]
[Round "6.32"]
[White "Bizhigitov, Zhangir"]
[Black "Zhukova, Natalia"]
[Result "1/2-1/2"]
[ECO "C84"]
[WhiteElo "2212"]
[BlackElo "2306"]
[Annotator "RC"]
[PlyCount "216"]
[EventDate "2024.06.29"]
[EventType "swiss"]
[EventCountry "AZE"]
[SourceTitle "playchess.com"]
[Source "ChessBase"]
[SourceQuality "1"]
[TimeControl "5400+30"]

1. e4 e5 2. Nf3 Nc6 3. Bb5 a6 4. Ba4 Nf6 5. O-O b5 6. Bb3 Bb7 7. d3 Be7 8. Nc3 O-O 9. a3 Nd4 10. Ba2 Nxf3+ 11. Qxf3 d6 12. Ne2 Kh8 13. Ng3 Ng8 14. Qe2 Bg5 15. f4 exf4 16. Bxf4 Nh6 17. Qh5 Bxf4 18. Rxf4 Qe8 19. Raf1 f6 20. Qf3 Qe7 21. Qf2 Rae8 22. c3 c5 23. Rh4 Bc8 24. Rf4 Be6 25. Bb1 Ng4 26. Qe2 Ne5 27. Nf5 Bxf5 28. Rxf5 g6 29. R5f4 Kg7 30. Ba2 g5 31. Rf5 Ng6 32. Qg4 Qa7 33. Kh1 Nh4 34. R5f2 Ng6 35. Bd5 Re5 36. b4 Ne7 37. Ba2 Ng6 38. g3 a5 39. bxa5 Re7 40. Qf5 Qxa5 41. Qd5 Qd8 42. d4 Rc7 43. Qe6 Re7 44. Qf5 Qa8 45. dxc5 dxc5 46. Qxc5 Qxe4+ 47. Kg1 Qe3 48. Qxb5 Ne5 49. Qe2 Qxc3 50. Bb1 Qxa3 51. Qh5 Ng6 52. Qf3 Qc5 53. Qf5 Re5 54. Qd7+ Rf7 55. Qd2 Qb6 56. Kh1 Rf8 57. Qd7+ Re7 58. Qf5 Qd4 59. Qd3 Qa7 60. Qf5 Re5 61. Qd3 Qe7 62. Bc2 Rd8 63. Qf3 Rd6 64. Bxg6 hxg6 65. Rb2 Rd7 66. Rbf2 Rf5 67. Qg2 Rxf2 68. Qxf2 g4 69. Re1 Qd6 70. Qe2 f5 71. Qe8 Qd5+ 72. Kg1 Qc5+ 73. Kh1 Qc6+ 74. Kg1 Qc5+ 75. Kh1 Ra7 76. Rd1 Re7 77. Qd8 Qb4 78. Kg1 Qe4 79. Qd4+ Qxd4+ 80. Rxd4 Re2 81. Rd6 Ra2 82. Rb6 Kh6 83. Rc6 Kg7 84. Rb6 Kf7 85. Rc6 Re2 86. Ra6 Re6 87. Ra2 Kf6 88. Kg2 g5 89. h3 gxh3+ 90. Kxh3 Rd6 91. Kg2 Rd3 92. Re2 Rd4 93. Kf2 Kg6 94. Re5 Rd3 95. Ra5 Rb3 96. Rc5 Rb2+ 97. Kf1 Ra2 98. Rb5 Ra3 99. Kf2 Kh5 100. Rxf5 Kg4 101. Rb5 Rf3+ 102. Kg2 Rxg3+ 103. Kh2 Ra3 104. Kg2 Ra2+ 105. Kg1 Kh4 106. Rb3 g4 107. Rc3 g3 108. Rc8 Ra1+ 1/2-1/2

[Event "Baku Open 2024"]
[Site "Baku"]
[Date "2024.07.04"]
[Round "6.32"]
[White "Gurbanov, Ismayil"]
[Black "Khamdamova, Afruza"]
[Result "*"]
[ECO "C78"]
[WhiteElo "2163"]
[BlackElo "2291"]
[Annotator "RC"]
[PlyCount "41"]
[EventDate "2024.06.29"]
[EventType "swiss"]
[EventCountry "AZE"]
[SourceTitle "playchess.com"]
[Source "ChessBase"]
[SourceQuality "1"]
[TimeControl "5400+30"]

1. e4 e5 2. Nf3 Nc6 3. Bb5 a6 4. Ba4 Nf6 5. d3 b5 6. Bb3 Bc5 7. O-O d6 8. a3 h6 9. Nc3 Bg4 10. Be3 Nd4 11. Bxd4 Bxd4 12. h3 Bxc3 13. bxc3 Bd7 14. a4 O-O 15. axb5 axb5 16. Rxa8 Qxa8 17. Qa1 Qc8 18. c4 Nh5 19. cxb5 Bxb5 20. Nxe5 Nf4 21. Ng4 *

[Event "Baku Open 2024"]
[Site "Baku"]
[Date "2024.07.04"]
[Round "6.33"]
[White "Rustamov, Rustam"]
[Black "Saravana, Krishnan P."]
[Result "1/2-1/2"]
[ECO "C07"]
[WhiteElo "2285"]
[BlackElo "2236"]
[Annotator "TA"]
[PlyCount "132"]
[EventDate "2024.06.29"]
[EventType "swiss"]
[EventCountry "AZE"]
[SourceTitle "playchess.com"]
[Source "ChessBase"]
[SourceQuality "1"]
[TimeControl "5400+30"]

1. e4 e6 2. d4 d5 3. Nd2 a6 4. Ngf3 c5 5. dxc5 Bxc5 6. Bd3 Nc6 7. O-O Nf6 8. c3 Qc7 9. exd5 Nxd5 10. Ne4 Be7 11. Ng3 Bd7 12. a4 h5 13. Qc2 h4 14. Ne2 (14. Ne4 $11) 14... Bf6 (14... h3 $15 15. g3 Rc8) 15. Bd2 ({White should play} 15. h3 $11) 15... Ne5 16. Be4 Nxf3+ 17. Bxf3 h3 {[%emt 0:00:09] [#] Threatens to win with ...hxg2.} 18. g3 Bc6 19. Nd4 Bxd4 20. cxd4 Qd7 21. Rfc1 Ne7 22. Qd3 Bxf3 (22... Bxa4 $5 23. d5 Bc6 24. Rxc6 Nxc6 $17 (24... bxc6 25. Qc3 $11)) 23. Qxf3 Qd5 24. Qxd5 Nxd5 25. Kf1 Kd7 26. f3 f5 27. Ke2 Rag8 28. b4 Rc8 29. Kd3 Rhg8 30. Rxc8 Rxc8 $11 {[%emt 0:00:25][%mdl 4096] Endgame. KRB-KRN} 31. Rg1 Ke7 32. Ra1 b6 33. Rg1 b5 34. axb5 axb5 35. g4 $1 Kf6 (35... f4 $15 {is more appropriate.}) 36. Rg3 Rh8 37. gxf5 exf5 38. Bg5+ Kf7 39. Bd2 g6 40. Kc2 Ne7 41. Kd3 Nd5 42. Kc2 Nb6 (42... Kg7 $15) 43. Kd3 Nc4 44. Bc3 Rh5 45. Rg1 Rh4 46. Ra1 Rf4 47. Ra7+ Ke6 48. Ke2 g5 49. Rh7 g4 50. fxg4 fxg4 {[%emt 0:00:20] aiming for ...Re4+.} 51. Rh5 Nb6 52. Rh6+ {[%emt 0:00:47] The position is equal.} ({But not} 52. Rxb5 Nd5 53. Bd2 Re4+ (53... Rxd4 54. Ra5 $11) 54. Kf2 (54. Kd3 $2 g3 $19) 54... Rxd4 $11) 52... Kd5 53. Rxb6 {[%emt 0:01:25] KRB-KR} g3 $1 54. Rxb5+ Kc4 55. Rc5+ Kb3 56. hxg3 Rh4 57. gxh4 {[%emt 0:00:19] [#] White wants to mate with Kf3.} h2 58. Ke3 h1=Q {[%emt 0:00:10] KQ-KRB} 59. h5 Qh3+ 60. Ke4 Qg4+ 61. Kd5 Qxh5+ 62. Kc6 Qe8+ 63. Kb6 Qb8+ 64. Kc6 Qe8+ 65. Kb6 Qb8+ 66. Kc6 Qe8+ {[%emt 0:05:07] Weighted Error Value: White=0.08 (flawless) /Black=0.10 (very precise) .  Mistake:       	White=2     	Black=3      Inaccurate:     	White=3     	Black=4      OK:         	White=18    	Black=17     Best:        	White=3     	Black=4      Strong:       	White=1     	Black=1} 1/2-1/2

[Event "Baku Open 2024"]
[Site "Baku"]
[Date "2024.07.04"]
[Round "6.34"]
[White "Kurmangaliyeva, Liya"]
[Black "Guliev, Sarhan"]
[Result "1-0"]
[ECO "C54"]
[WhiteElo "2282"]
[BlackElo "2224"]
[Annotator "TA"]
[PlyCount "61"]
[EventDate "2024.06.29"]
[EventType "swiss"]
[EventCountry "AZE"]
[SourceTitle "playchess.com"]
[Source "ChessBase"]
[SourceQuality "1"]
[TimeControl "5400+30"]

1. e4 e5 2. Nf3 Nc6 3. Bc4 Bc5 4. c3 Nf6 5. d3 d6 6. Bg5 h6 7. Bh4 Qe7 8. b4 Bb6 9. Nbd2 g5 10. Bg3 {[%emt 0:00:18] The position is equal.} Nh5 11. a4 {[%emt 0:15:28] And now a5 would win.} a6 12. Bd5 Qf6 {[%emt 0:04:00] ...g4 would now be deadly.} 13. Nc4 Ba7 {[%emt 0:02:49] Threatens to win with ...Nxg3.} 14. b5 Ne7 15. b6 Nxd5 (15... Bxb6 16. Nxb6 cxb6 17. Bc4 $11) 16. exd5 Bxb6 (16... cxb6 $6 17. Nfd2 Nxg3 18. hxg3 $14) 17. Nxb6 cxb6 18. Nd2 Qg6 {[%emt 0:00:41][%cal Oh5f4] Strongly threatening ...Nf4!} 19. Nc4 {[%emt 0:03:47][%cal Oc4d6] [#]} Bf5 $1 20. Nxb6 {[%emt 0:04:44] [#]} Rd8 21. d4 O-O 22. O-O Bd3 23. Re1 e4 24. f3 f5 25. Bf2 f4 $4 (25... g4 $19 {and life is good for Black.} 26. fxg4 fxg4) 26. fxe4 $18 g4 27. Qxd3 g3 {[%emt 0:00:09] [#]} 28. Ra2 Rde8 {[%emt 0:03:06] [#]} (28... Rf7 29. Qf3) 29. Qf3 $1 gxf2+ 30. Rxf2 Ng3 (30... Nf6 $142 31. Rfe2 (31. Qxf4 $2 {too greedy.} Nxe4 32. Rxe4 Rxf4 $19) 31... Kh8) 31. Nd7 {[%emt 0:02:29] Weighted Error Value: White=0.12 (very precise) /Black=0.50.  Missed win:     	---       	Black=1      Mistake:       	---       	Black=1      Inaccurate:     	White=3     	Black=1      OK:         	White=9     	Black=14     Best:        	White=1     	Black=2      Strong:       	---       	Black=1} ({Not} 31. hxg3 fxg3 $19) 1-0

[Event "Baku Open 2024"]
[Site "Baku"]
[Date "2024.07.04"]
[Round "6.35"]
[White "Kulnev, Aleksandr"]
[Black "Suleimen, Ergali"]
[Result "0-1"]
[ECO "E62"]
[WhiteElo "2127"]
[BlackElo "2254"]
[Annotator "RC"]
[PlyCount "148"]
[EventDate "2024.06.29"]
[EventType "swiss"]
[EventCountry "AZE"]
[SourceTitle "playchess.com"]
[Source "ChessBase"]
[SourceQuality "1"]
[TimeControl "5400+30"]

1. d4 Nf6 2. c4 g6 3. Nf3 Bg7 4. g3 O-O 5. Bg2 d6 6. Nc3 c6 7. O-O Bf5 8. Ne1 e5 9. d5 cxd5 10. cxd5 a5 11. h3 Na6 12. e4 Bd7 13. a4 Ne8 14. Be3 f5 15. Nd3 Nb4 16. exf5 gxf5 17. Nxb4 axb4 18. Ne2 b5 19. a5 Rxa5 20. Qb3 Rxa1 21. Rxa1 f4 22. gxf4 Qh4 23. fxe5 Bxh3 24. Nf4 Rxf4 25. Bxf4 Bxg2 26. Kxg2 Qxf4 27. e6 Bd4 28. Qg3+ Qxg3+ 29. Kxg3 Kg7 30. Kf3 Bxb2 31. Ra7+ Kg6 32. Rb7 Bc3 33. Rxb5 Nc7 34. Rb6 Nxd5 35. Rxd6 Ne7 36. Rb6 Kf5 37. Rb5+ Kxe6 38. Rh5 b3 39. Rxh7 b2 40. Rh1 Kd5 41. Ke3 Kc4 42. Ke4 Kb3 43. f4 Kc2 44. f5 b1=Q 45. Rxb1 Kxb1 46. f6 Bxf6 47. Kf4 Kc2 48. Ke4 Kc3 49. Kf4 Kd4 50. Kf3 Nd5 51. Ke2 Ke4 52. Kf2 Bh4+ 53. Kg2 Kf4 54. Kh3 Bg3 55. Kg2 Kg4 56. Kf1 Kf3 57. Kg1 Nf4 58. Kh1 Nd3 59. Kg1 Nf2 60. Kf1 Bh2 61. Ke1 Ne4 62. Kf1 Nd2+ 63. Ke1 Ke3 64. Kd1 Kd3 65. Kc1 Nc4 66. Kd1 Bg3 67. Kc1 Be1 68. Kd1 Bc3 69. Kc1 Bd2+ 70. Kb1 Kc3 71. Ka2 Kc2 72. Ka1 Bc1 73. Ka2 Nb6 74. Ka1 Nd5 0-1

[Event "Baku Open 2024"]
[Site "Baku"]
[Date "2024.07.04"]
[Round "6.36"]
[White "Abdinova, Narmin"]
[Black "Zhalmakhanov, Ramazan"]
[Result "1/2-1/2"]
[ECO "B22"]
[WhiteElo "2121"]
[BlackElo "2505"]
[Annotator "RC"]
[PlyCount "162"]
[EventDate "2024.06.29"]
[EventType "swiss"]
[EventCountry "AZE"]
[SourceTitle "playchess.com"]
[Source "ChessBase"]
[SourceQuality "1"]
[TimeControl "5400+30"]

1. e4 c5 2. c3 Nf6 3. e5 Nd5 4. Nf3 Nc6 5. d4 cxd4 6. cxd4 d6 7. Bc4 dxe5 8. Nxe5 e6 9. O-O Be7 10. Bb5 Bd7 11. Bxc6 Bxc6 12. Nxc6 bxc6 13. Qa4 Qb6 14. Rd1 O-O 15. Nd2 Qb5 16. Qxb5 cxb5 17. Nf3 Rfc8 18. Ne1 Rc4 19. Be3 Rac8 20. Kf1 f5 21. Nd3 Bf6 22. b3 Rc2 23. Ne1 R2c6 24. Nf3 Rc2 25. Ne1 R2c3 26. Bd2 R3c6 27. Nf3 Ra6 28. a3 Rc2 29. Ne1 Rb2 30. Nd3 Rc2 31. Ne1 Rc8 32. Nf3 Rac6 33. Rdc1 Rc2 34. Ke1 Kf7 35. Kd1 R2c6 36. a4 Rxc1+ 37. Rxc1 Rxc1+ 38. Kxc1 bxa4 39. bxa4 Nb6 40. a5 Nc4 41. Kc2 Ke7 42. Bb4+ Kd7 43. Kb3 Nd6 44. Bxd6 Kxd6 45. Kc4 Kc6 46. Nd2 Be7 47. Nb3 Bd6 48. h3 a6 49. Nc1 g5 50. f3 h5 51. g4 h4 52. Nd3 Bc7 53. Nc5 Bxa5 54. Nxe6 fxg4 55. fxg4 Bd2 56. d5+ Kb6 57. Nc5 Be3 58. Na4+ Kc7 59. Kd3 Bc1 60. Ke4 a5 61. Ke5 Bf4+ 62. Ke6 Bd6 63. Nc3 Bf4 64. Ne2 Bh2 65. Nc3 Kb6 66. d6 Kc6 67. d7 Bc7 68. Ke7 Kc5 69. Ne4+ Kd5 70. Nxg5 a4 71. Ne6 Ba5 72. g5 a3 73. g6 a2 74. g7 a1=Q 75. g8=Q Qa3+ 76. Kf6 Qc3+ 77. Kg6 Qc6 78. d8=Q+ Bxd8 79. Qxd8+ Kxe6 80. Qxh4 Qe8+ 81. Kg7 Qf7+ 1/2-1/2

[Event "Baku Open 2024"]
[Site "Baku"]
[Date "2024.07.04"]
[Round "6.37"]
[White "Vrashank Chouhan"]
[Black "Iskandarov, Misratdin"]
[Result "0-1"]
[ECO "E20"]
[WhiteElo "2209"]
[BlackElo "2524"]
[Annotator "TA"]
[PlyCount "64"]
[EventDate "2024.06.29"]
[EventType "swiss"]
[EventCountry "AZE"]
[SourceTitle "playchess.com"]
[Source "ChessBase"]
[SourceQuality "1"]
[TimeControl "5400+30"]

1. d4 Nf6 2. c4 e6 3. Nc3 Bb4 4. f3 c5 5. d5 {[%emt 0:00:08] [#]} b5 $1 6. e4 $1 d6 7. Nge2 bxc4 8. Nf4 {[%emt 0:00:24] The position is equal.} g5 (8... e5 $5 9. Nfe2 $8 h5 $11) 9. Nfe2 exd5 10. exd5 Qe7 11. Kf2 Nbd7 {[%emt 0:00:46] Threatening ...Ne5.} 12. a3 Ba5 13. Qa4 (13. Ng3 $1 $11) 13... Bxc3 $15 14. Nxc3 O-O $1 15. h4 (15. Bxg5 $2 Ng4+ 16. fxg4 Qxg5 17. Qxc4 Ne5 $19) 15... g4 16. Qxc4 Ne5 $1 17. Qf4 Kh8 18. Bd2 Rg8 {[%emt 0:03:02] Strongly threatening ...Nh5.} 19. Re1 (19. Be2 $17) 19... Rb8 $19 20. b4 {[%emt 0:01:00] [#]} cxb4 (20... gxf3 $1 $19 21. gxf3 Rg6 (21... Nh5 22. Qh6 $17)) 21. axb4 $15 Bd7 ({Black should play} 21... gxf3 $17 22. gxf3 Nh5) 22. Qd4 gxf3 23. gxf3 Nh5 {[%emt 0:06:16] A dynamic duo of knights.} 24. Ne4 {[%emt 0:04:31][%cal Oe4d6] Repels Qf6} f6 {[%emt 0:00:31] And now ...Qg7 would win.} 25. Be2 $1 Bb5 26. Bxb5 Rxb5 27. Rhg1 Rbb8 28. Ra1 {[%emt 0:01:20] [#]} (28. f4 $1 $11 Rxg1 (28... Ng4+ 29. Kf3 $11) 29. Rxg1) 28... Qd7 $1 $17 {[%emt 0:01:22] Some like it hot} 29. Rh1 {[%emt 0:03:50][%mdl 8192] Dodges Qh3. This move loses the game for White.} (29. Rxa7 $2 {perishes.} Qh3 30. Bg5 Qxf3+ (30... fxg5 $2 31. Nxd6 Qxf3+ 32. Ke1 $19) 31. Ke1 Rxb4 (31... fxg5 $2 32. Nxd6 Qf6 33. Nf7+ Nxf7 34. Qxf6+ Nxf6 35. Rxf7 $19) 32. Nxf6 Nxf6 $19 (32... Rxd4 33. Rxh7#) (32... Nd3+ 33. Kd2 Ng7 34. Bh6 Rb2+ 35. Qxb2 Qf2+ 36. Kxd3 Qxa7 37. Bxg7+ Rxg7 38. Rxg7)) (29. Rxg8+ Rxg8 30. Qc3 Rc8 $19 (30... Qh3 $2 31. Ke2 $19)) (29. Ke2 $17) 29... Qf5 30. Ra3 Qg6 {[%emt 0:00:19] ( -> ...Qg2+)} 31. Rf1 Rbe8 {[%emt 0:01:59][%cal Oe5f3] ...Nxf3! is the strong threat.} 32. Re3 {[%emt 0:01:23] [#]} Nxf3 $1 {[%emt 0:01:28][%mdl 512] Weighted Error Value: White=0.51/Black=0.34.  Loses game:     	White=1     	---        Mistake:       	White=3     	Black=2      Inaccurate:     	White=6     	Black=3      OK:         	White=6     	Black=9      Best:        	White=3     	Black=3      Strong:       	White=1     	Black=2} 0-1